Map: Heavy Artillery LE

Players

Zergatul - Winner!

  • Race: Protoss Protoss
  • League: Diamond
  • Spawn Location: 1:00

Kepons - Winner!

  • Race: Terran Terran
  • Spawn Location: 3:00

qqq

  • Race: Zerg Zerg
  • Spawn Location: 7:00

Massa

  • Race: Terran Terran
  • League: Platinum
  • Spawn Location: 7:00

VOD

Have the link to the VOD?

Description

Time

  • Played on: Feb. 25, 2021, 5:23 p.m.
  • Length: 8:48
Show
View Real Time Build Order
Export as new Build Order

Zergatul Protoss - Winner!

Build Orders: Colossus Rush 

Get SALT Encoding   

  12  0:12  Pylon  
  12  0:15  Probe (Chrono Boost)  
  13  0:24  Probe (Chrono Boost)  
  14  0:29  Probe (Chrono Boost)  
  15  0:38  Gateway  
  15  0:50  Forge  
  15  0:53  Probe  
  16  1:05  Probe (Chrono Boost)  
  16  1:08  Assimilator  
  17  1:16  Assimilator  
  17  1:17  Probe (Chrono Boost)  
  18  1:23  Probe (Chrono Boost)  
  19  1:31  Probe  
  20  1:44  Probe  
  21  1:49  Nexus  
  21  1:59  Cybernetics Core  
  21  2:09  Photon Cannon  
  21  2:14  Pylon  
  21  2:21  Probe (Chrono Boost)  
  22  2:23  Assimilator  
  23  2:31  Probe (Chrono Boost)  
  23  2:36  Probe (Chrono Boost), Pylon  
  24  2:48  Probe, Warp Gate (Chrono Boost)  
  25  2:55  Photon Cannon  
  25  3:02  Probe (Chrono Boost)  
  25  3:04  Probe (Chrono Boost)  
  27  3:07  Assimilator  
  27  3:10  Assimilator  
  28  3:15  Probe (Chrono Boost)  
  28  3:17  Probe (Chrono Boost)  
  29  3:20  Robotics Facility  
  29  3:21  Probe (Chrono Boost)  
  30  3:35  Photon Cannon  
  30  3:38  Sentry  
  30  3:39  Shield Battery  
  30  3:41  Probe  
  33  3:43  Probe  
  34  3:53  Probe  
  36  3:55  Probe  
  36  4:06  Probe (Chrono Boost)  
  36  4:07  Probe (Chrono Boost), Robotics Bay  
  38  4:12  Photon Cannon  
  38  4:19  Probe (Chrono Boost)  
  38  4:22  Observer, Probe (Chrono Boost)  
  41  4:25  Probe (Chrono Boost)  
  41  4:28  Robotics Facility  
  41  4:29  Probe (Chrono Boost)  
  43  4:32  Sentry  
  46  4:38  Probe (Chrono Boost)  
  46  4:41  Probe (Chrono Boost)  
  47  4:49  Probe x2 (Chrono Boost), Observer  
  50  5:00  Probe  
  50  5:01  Probe  
  50  5:03  Pylon  
  52  5:12  Probe  
  53  5:17  Probe  
  54  5:23  Nexus  
  54  5:25  Probe  
  55  5:30  Probe  
  55  5:33  Colossus  
  62  5:44  Observer, Pylon  
  62  5:47  Pylon  
  61  5:50  Extended Thermal Lance (Chrono Boost)  
  61  5:52  Probe  
  62  5:59  Pylon  
  62  6:01  Disruptor  
  62  6:02  Probe  
  62  6:03  Pylon  
  66  6:04  Probe  
  67  6:14  Probe  
  67  6:17  Probe  
  69  6:26  Probe  
  69  6:27  Colossus  
  69  6:29  Probe  
  77  6:38  Probe  
  78  6:43  Photon Cannon  
  78  6:45  Shield Battery  
  78  6:47  Gateway  
  78  6:48  Observer, Pylon  
  78  6:50  Gateway  
  78  6:52  Probe (Chrono Boost)  
  78  6:54  Twilight Council  
  82  6:55  Probe (Chrono Boost)  
  82  6:56  Probe (Chrono Boost)  
  82  7:00  Photon Cannon  
  82  7:03  Probe (Chrono Boost), Shield Battery  
  82  7:05  Probe x2 (Chrono Boost)  
  85  7:09  Gateway  
  85  7:14  Observer  
  85  7:15  Gravitic Boosters  
  85  7:19  Probe  
  85  7:20  Probe  
  85  7:21  Observer, Stalker  
  90  7:26  Probe  
  91  7:31  Probe  
  91  7:34  Templar Archives  
  91  7:35  Observer  
  93  7:38  Gateway  
  93  7:40  Gateway  
  93  7:45  Gateway  
  93  7:46  Assimilator  
  93  7:49  Assimilator  
  93  7:50  Photon Cannon  
  93  7:51  Photon Cannon  
  93  7:52  Probe  
  93  7:53  Photon Cannon  
  93  7:54  Pylon  
  93  7:55  Shield Battery  
  94  8:00  Photon Cannon  
  94  8:03  Photon Cannon  
  94  8:04  Pylon, Shield Battery  
  94  8:08  Observer x2 (Chrono Boost)  
  96  8:14  Probe x2, Forge  
  96  8:17  Probe, Forge  
  99  8:23  High Templar x4  
  99  8:26  Probe x2  
  109  8:40  Stalker x2  
  113  8:43  Archon x2  
Show
View Real Time Build Order
Export as new Build Order

Kepons Terran - Winner!

Build Orders: Command Center First (CC) 

Get SALT Encoding   

  12  0:00  SCV  
  13  0:12  SCV  
  14  0:18  Supply Depot  
  14  0:24  SCV  
  15  0:46  SCV  
  16  0:58  SCV  
  16  1:01  Command Center  
  17  1:10  Barracks  
  17  1:14  SCV  
  18  1:26  Refinery  
  18  1:27  Refinery  
  18  1:28  SCV  
  19  1:38  Refinery  
  19  1:40  SCV  
  20  1:53  SCV  
  21  2:08  Orbital Command  
  21  2:14  Orbital Command  
  21  2:19  Marine  
  22  2:25  Factory  
  22  2:34  SCV  
  23  2:39  SCV  
  23  2:40  Marine  
  25  2:48  SCV  
  26  2:51  SCV  
  26  2:56  Refinery  
  27  3:00  SCV  
  27  3:01  Marine  
  27  3:03  SCV  
  30  3:12  SCV  
  31  3:18  Factory Tech Lab  
  31  3:19  SCV  
  32  3:22  Starport  
  32  3:24  SCV  
  33  3:31  SCV  
  34  3:36  SCV  
  34  3:40  Siege Tank  
  38  3:46  Supply Depot  
  38  3:52  SCV  
  39  3:59  Marine  
  40  4:05  Liberator  
  40  4:08  Starport  
  43  4:10  SCV, Fusion Core  
  43  4:11  SCV  
  43  4:16  Supply Depot  
  48  4:17  Siege Tank  
  48  4:23  SCV x2  
  50  4:30  Supply Depot  
  50  4:33  Supply Depot  
  50  4:40  SCV x2  
  52  4:46  Starport Tech Lab  
  52  4:53  SCV  
  52  4:54  SCV  
  54  5:05  Battlecruiser x2  
  66  5:09  SCV x2  
  68  5:57  SCV  
  68  5:58  Weapon Refit  
  68  6:00  SCV  
  68  6:03  Supply Depot  
  70  6:04  Supply Depot  
  70  6:10  SCV  
  71  6:12  SCV  
  71  6:17  Armory x2  
  72  6:19  Engineering Bay  
  72  6:22  SCV  
  72  6:24  SCV  
  74  6:29  Supply Depot  
  74  6:34  SCV, Battlecruiser  
  74  6:35  Battlecruiser  
  74  6:36  SCV  
  88  6:46  SCV  
  89  6:48  SCV  
  90  7:39  Battlecruiser x2  
  102  7:53  Supply Depot x2  
  102  8:05  Command Center  
  102  8:15  SCV  
  104  8:27  SCV  
Show
View Real Time Build Order
Export as new Build Order

qqq Zerg 

Build Orders: Hatch First 

Get SALT Encoding   

  12  0:02  Drone  
  13  0:10  Drone  
  14  0:17  Overlord  
  14  0:47  Hatchery  
  13  0:56  Drone x2  
  13  0:57  Drone  
  16  1:19  Spawning Pool  
  16  1:20  Extractor  
  16  1:22  Drone  
  16  1:25  Drone  
  16  1:37  Drone  
  17  1:46  Drone  
  19  1:54  Drone  
  19  2:02  Drone  
  19  2:04  Drone  
  21  2:11  Queen  
  23  2:18  Queen  
  23  2:21  Drone x2  
  27  2:24  Metabolic Boost  
  27  2:39  Drone  
  27  2:40  Overlord x2  
  27  2:44  Overlord  
  28  3:01  Zergling x2  
  28  3:02  Zergling x2  
  28  3:04  Zergling x2  
  31  3:06  Zergling x2  
  31  3:08  Hatchery  
  31  3:10  Drone  
  32  3:14  Overlord  
  32  3:17  Zergling x2  
  33  3:20  Zergling x2  
  34  3:28  Zergling x4  
  34  3:29  Zergling x2  
  34  3:30  Zergling x2  
  38  3:37  Lair  
  38  3:40  Zergling x2  
  39  3:41  Zergling x2  
  39  3:45  Zergling x2  
  39  3:47  Zergling x2  
  42  3:52  Overlord  
  42  3:54  Zergling x2  
  43  3:57  Zergling x2  
  43  4:00  Zergling x2  
  43  4:02  Zergling x2  
  46  4:07  Zergling x2  
  46  4:09  Overlord  
  47  4:11  Zergling x2  
  47  4:14  Drone  
  47  4:16  Drone  
  50  4:28  Zergling x4  
  50  4:29  Zergling x2  
  53  4:38  Drone, Spire  
  52  4:41  Zergling x2  
  52  4:43  Zergling x2  
  53  5:25  Zergling x4  
  53  5:26  Drone x2  
  53  5:27  Drone  
  58  5:34  Drone x4  
  58  5:35  Drone x2  
  64  5:36  Drone  
  63  5:51  Drone  
  63  5:52  Mutalisk x2  
  68  5:58  Drone x4  
  68  5:59  Drone x2  
  68  6:02  Extractor  
  73  6:04  Extractor  
  72  6:12  Extractor  
  72  6:13  Overseer  
  71  6:35  Drone x3  
  71  6:38  Overlord x5  
  71  6:39  Overlord x4  
  74  6:45  Spore Crawler, Corruptor  
  70  6:56  Extractor  
  70  6:57  Extractor  
  70  7:00  Spore Crawler  
  59  7:01  Queen  
  59  7:03  Spore Crawler  
  58  7:11  Queen  
  60  7:26  Spore Crawler  
  56  7:31  Queen  
  56  7:33  Spore Crawler  
  56  7:36  Spire  
  56  7:39  Drone  
  56  7:40  Drone  
  56  7:41  Drone  
  59  7:45  Drone  
  59  7:49  Drone  
  61  7:55  Drone x2  
  46  8:30  Spawning Pool  
Show
View Real Time Build Order
Export as new Build Order

Massa Terran 

Build Orders:  

Get SALT Encoding   

  12  0:00  SCV  
  13  0:13  SCV  
  14  0:25  SCV, Supply Depot  
  15  0:45  Refinery  
  15  0:47  SCV  
  15  0:48  Barracks  
  16  0:59  SCV  
  17  1:11  SCV  
  18  1:23  SCV  
  19  1:35  SCV  
  20  1:40  Barracks  
  20  1:46  Reaper  
  21  1:51  Command Center  
  21  1:56  SCV  
  22  2:08  Orbital Command  
  22  2:19  Barracks Tech Lab  
  22  2:27  Barracks Reactor  
  22  2:29  Supply Depot  
  22  2:34  SCV  
  23  2:50  SCV  
  24  2:52  Marine  
  24  2:56  Factory  
  25  2:59  Supply Depot  
  25  3:02  SCV  
  25  3:05  Engineering Bay  
  26  3:10  Refinery  
  26  3:12  Orbital Command, Barracks  
  26  3:19  Marine  
  27  3:20  Marine  
  28  3:27  Stimpack  
  28  3:28  Marine  
  30  3:34  SCV  
  30  3:37  Marine  
  31  3:41  SCV  
  31  3:45  Supply Depot  
  31  3:47  Marauder, Marine  
  35  3:52  Hellion  
  37  3:56  Marine  
  37  4:01  Barracks Tech Lab  
  38  4:03  SCV  
  38  4:05  SCV, Marine  
  38  4:08  Marauder  
  43  4:13  Marine  
  43  4:15  SCV  
  45  4:23  Marine  
  48  4:24  Hellion  
  48  4:29  Marauder x2  
  48  4:31  Marine, Concussive Shells  
  52  4:36  SCV x2  
  55  4:42  Missile Turret  
  55  4:46  Missile Turret  
  55  4:48  Terran Infantry Weapons Level 1  
  55  4:51  Marauder  
  57  5:07  Combat Shield  
  57  5:13  Marauder, Marine  
  60  5:14  Marine  
  60  5:17  SCV  
  62  5:23  Supply Depot  
  62  5:24  Supply Depot  
  61  5:28  SCV  
  61  5:29  SCV  
  61  5:31  Marauder  
  61  5:35  Marauder, Marine x2  
  62  5:53  SCV  
  62  5:54  SCV  
  64  6:03  Factory Tech Lab  
  64  6:05  SCV  
  64  6:06  SCV  
  64  6:10  Starport  
  66  6:14  Refinery  
  66  6:18  SCV x2  
  68  6:21  Command Center  
  68  6:25  Armory  
  68  6:30  SCV x2  
  68  6:32  Siege Tank  
  73  6:41  Refinery  
  73  6:42  SCV x2  
  73  6:43  Terran Infantry Armor Level 1  
  73  6:44  Engineering Bay  
  75  6:47  Supply Depot  
  75  6:50  Supply Depot  
  75  6:52  Supply Depot  
  75  7:04  Cyclone  
  76  7:15  Marine x4  
  73  7:17  Supply Depot  
  73  7:19  Drilling Claws  
  73  7:22  Medivac  
  73  7:32  Marine  
  73  7:33  Marine x2  
  73  7:34  Marauder  
  78  7:49  Cyclone  
  78  7:50  Marine  
  78  7:51  Marauder, Marine  
  81  7:52  Medivac  
  81  7:55  Marauder  
  86  8:07  Missile Turret  
  86  8:08  Marine, Missile Turret  
  86  8:09  Marine  
  90  8:13  Marauder, Missile Turret  
  90  8:16  Orbital Command  
  90  8:17  SCV x2, Missile Turret  
  92  8:23  Marine  
  92  8:26  Marine  
  92  8:27  Marine  
  94  8:29  SCV  
  94  8:30  SCV  
  94  8:31  Missile Turret  
  98  8:37  Missile Turret  
Tags
 
Add a new tag
Caveats
  • Supply blocks, unpowered buildings, or Contaminate may cause inaccurate times.
  • Supply counts are checked every 10 seconds.